Map: Lightshade LE

Players

DankArchon

  • Race: Zerg Zerg
  • League: Diamond

PETYX - Winner!

  • Race: Protoss Protoss
  • League: Diamond

VOD

Have the link to the VOD?

Description

Time

  • Played on: Aug. 18, 2021, 5:02 a.m.
  • Length: 24:49
Show
View Real Time Build Order
Export as new Build Order

DankArchon Zerg 

Build Orders: Hatch First 

Get SALT Encoding   

  12  0:00  Drone  
  13  0:12  Overlord  
  13  0:17  Drone  
  14  0:32  Drone x2  
  14  0:35  Drone  
  17  0:49  Drone  
  18  0:56  Hatchery  
  17  1:07  Extractor  
  16  1:13  Spawning Pool  
  16  1:16  Drone  
  16  1:53  Drone  
  17  1:55  Drone x2  
  19  2:08  Queen  
  19  2:09  Queen  
  19  2:10  Zergling x2  
  24  2:20  Zergling x4  
  25  2:35  Drone  
  25  3:00  Extractor  
  24  3:11  Drone  
  24  3:12  Drone x3, Hatchery  
  28  3:13  Overlord x2  
  26  3:40  Drone x5  
  26  3:41  Drone x2  
  32  3:50  Lair  
  32  3:57  Drone x3  
  32  3:58  Drone x2  
  32  4:00  Extractor  
  36  4:02  Extractor  
  36  4:05  Drone  
  36  4:11  Drone x2  
  36  4:15  Metabolic Boost  
  38  4:28  Drone x5  
  43  4:37  Spore Crawler  
  42  4:39  Spore Crawler  
  42  4:40  Drone x2  
  43  4:51  Spire  
  42  5:02  Queen  
  44  5:07  Drone  
  44  5:08  Drone x4  
  49  5:19  Drone  
  49  5:21  Overlord x2  
  50  5:26  Extractor  
  50  5:27  Overlord x2  
  49  5:36  Hydralisk Den  
  48  5:47  Spore Crawler  
  46  5:53  Overlord x2  
  46  6:04  Extractor  
  45  6:15  Mutalisk x8  
  45  6:16  Mutalisk  
  63  6:20  Mutalisk  
  65  6:36  Drone x4  
  65  6:37  Drone x3  
  72  6:49  Drone x6  
  78  6:57  Zerg Flyer Weapons Level 1  
  78  7:00  Grooved Spines  
  72  7:55  Mutalisk x8  
  72  7:56  Mutalisk  
  90  7:59  Overlord x4  
  86  8:14  Drone  
  86  8:15  Drone x3  
  86  8:18  Corruptor  
  86  8:19  Corruptor x2  
  96  8:34  Spire  
  89  8:46  Hydralisk  
  89  8:47  Hydralisk x5  
  99  9:05  Hydralisk  
  97  9:16  Hydralisk x8  
  93  9:23  Evolution Chamber  
  104  9:25  Evolution Chamber  
  103  9:33  Corruptor  
  103  9:34  Corruptor x3  
  111  9:49  Hydralisk  
  111  9:51  Overlord x4  
  113  10:06  Overlord x2  
  113  10:22  Zerg Missile Weapons Level 1  
  113  10:23  Zerg Ground Armor Level 1, Hydralisk  
  113  10:24  Hydralisk x8  
  131  10:34  Hydralisk x3  
  137  10:42  Hatchery  
  136  10:50  Hydralisk  
  136  10:51  Hydralisk x4  
  146  11:06  Hydralisk x3  
  152  11:12  Muscular Augments  
  152  11:13  Zerg Flyer Weapons Level 2  
  152  11:27  Infestation Pit  
  135  12:00  Corruptor  
  135  12:01  Corruptor x7  
  131  12:19  Drone  
  131  12:20  Drone x10  
  131  12:21  Drone  
  131  12:22  Drone x2  
  145  12:30  Extractor  
  145  12:34  Drone  
  145  12:35  Extractor, Drone x3  
  145  12:56  Overlord x3  
  145  12:59  Hive  
  145  13:00  Zerg Missile Weapons Level 2, Zerg Ground Armor Level 2  
  145  13:04  Spire  
  144  13:16  Swarm Host  
  147  13:43  Zerg Flyer Armor Level 1  
  136  14:37  Greater Spire  
  136  14:49  Drone  
  136  14:50  Drone x10  
  147  14:54  Spore Crawler  
  144  15:19  Corruptor, Mutalisk  
  144  15:21  Corruptor x5  
  148  15:22  Corruptor x2  
  162  15:28  Zerg Flyer Weapons Level 3  
  162  15:31  Drone x3  
  165  15:46  Hatchery  
  154  16:04  Corruptor x10  
  147  16:05  Corruptor x2  
  171  16:18  Corruptor x2  
  171  16:24  Zerg Ground Armor Level 3, Zerg Missile Weapons Level 3  
  175  16:26  Zerg Flyer Armor Level 2  
  175  16:46  Overlord  
  175  16:47  Overlord x2  
  175  16:52  Hatchery  
  174  17:10  Hatchery  
  174  17:14  Hydralisk x3  
  174  17:15  Hydralisk x10  
  143  18:14  Corruptor x2  
  143  18:15  Corruptor x13  
  159  18:31  Hydralisk  
  159  18:32  Hydralisk x4  
  169  18:38  Hydralisk x3  
  175  18:57  Extractor  
  175  19:00  Extractor  
  125  19:43  Hydralisk  
  125  19:44  Hydralisk x14  
  135  20:07  Drone x2  
  135  20:10  Extractor  
  136  20:14  Extractor  
  135  20:24  Hydralisk x4  
  135  20:25  Hydralisk x5  
  124  20:44  Hydralisk  
  124  20:45  Hydralisk  
  124  20:46  Hydralisk x3  
  93  21:19  Hydralisk  
  93  21:20  Hydralisk x2  
  98  21:30  Drone  
  98  21:31  Drone x2  
  101  21:42  Corruptor x3  
  107  21:52  Drone  
  108  22:02  Drone  
  109  22:19  Brood Lord  
  109  22:20  Brood Lord  
  113  22:41  Corruptor  
  97  22:58  Brood Lord  
  99  22:59  Drone  
  99  23:00  Drone x9  
  99  23:05  Extractor  
  108  23:16  Hatchery  
  107  23:43  Brood Lord x2  
  111  24:02  Brood Lord  
Show
View Real Time Build Order
Export as new Build Order

PETYX Protoss - Winner!

Build Orders:  

Get SALT Encoding   

  12  0:00  Probe  
  13  0:12  Probe  
  14  0:21  Pylon  
  14  0:24  Probe  
  15  0:39  Probe  
  16  0:44  Forge  
  16  0:53  Probe  
  17  1:05  Probe  
  18  1:22  Pylon  
  18  1:23  Probe  
  19  1:36  Probe  
  20  1:49  Nexus  
  20  1:51  Photon Cannon  
  20  1:57  Photon Cannon  
  20  1:59  Probe  
  21  2:12  Probe  
  22  2:16  Gateway  
  22  2:21  Photon Cannon  
  22  2:31  Probe  
  23  2:39  Pylon  
  23  2:43  Probe  
  24  2:55  Assimilator  
  24  2:56  Probe (Chrono Boost)  
  24  2:59  Assimilator  
  24  3:02  Probe (Chrono Boost)  
  24  3:04  Pylon  
  25  3:08  Probe (Chrono Boost)  
  27  3:13  Probe (Chrono Boost)  
  27  3:15  Cybernetics Core  
  27  3:16  Probe (Chrono Boost)  
  27  3:17  Pylon  
  28  3:21  Probe, Photon Cannon  
  28  3:25  Probe  
  30  3:33  Probe  
  30  3:34  Photon Cannon  
  31  3:37  Probe  
  31  3:40  Assimilator  
  32  3:42  Assimilator  
  32  3:45  Probe  
  33  3:49  Pylon, Probe  
  34  3:57  Probe (Chrono Boost)  
  34  4:01  Stargate  
  36  4:05  Probe (Chrono Boost)  
  36  4:09  Probe (Chrono Boost)  
  37  4:12  Warp Gate (Chrono Boost)  
  37  4:15  Probe (Chrono Boost)  
  39  4:18  Probe (Chrono Boost)  
  39  4:19  Sentry  
  39  4:22  Probe (Chrono Boost)  
  42  4:25  Pylon, Probe (Chrono Boost)  
  42  4:28  Probe  
  42  4:31  Photon Cannon  
  44  4:35  Probe  
  44  4:38  Void Ray (Chrono Boost), Shield Battery  
  45  4:41  Probe  
  45  4:43  Shield Battery  
  45  4:44  Probe  
  51  4:53  Probe  
  51  4:56  Sentry  
  54  5:01  Pylon  
  54  5:06  Probe  
  54  5:07  Void Ray (Chrono Boost), Probe  
  54  5:08  Robotics Facility  
  60  5:24  Stargate  
  60  5:25  Pylon  
  60  5:34  Probe  
  61  5:39  Void Ray (Chrono Boost)  
  61  5:42  Pylon  
  61  5:49  Probe  
  66  5:53  Pylon  
  66  6:00  Nexus  
  66  6:02  Assimilator  
  66  6:07  Assimilator  
  66  6:09  Pylon, Void Ray (Chrono Boost)  
  66  6:10  Probe  
  71  6:13  Pylon  
  71  6:16  Observer  
  71  6:18  Pylon  
  72  6:21  Twilight Council  
  72  6:24  Sentry  
  74  6:27  Pylon, Probe x2  
  76  6:34  Photon Cannon  
  76  6:39  Probe  
  77  6:48  Photon Cannon  
  77  6:49  Photon Cannon  
  77  6:52  Shield Battery, Photon Cannon  
  77  6:53  Shield Battery  
  77  6:56  Probe  
  77  7:00  Probe  
  79  7:04  Templar Archives  
  79  7:08  Probe  
  80  7:12  Probe  
  79  7:18  Phoenix x2 (Chrono Boost)  
  79  7:20  Probe  
  79  7:21  Probe  
  80  7:24  Probe  
  80  7:40  Phoenix x2 (Chrono Boost)  
  84  7:49  Probe x3  
  86  7:56  Pylon  
  86  7:57  Photon Cannon  
  84  7:59  Pylon  
  84  8:00  Photon Cannon  
  84  8:01  Probe x3  
  86  8:13  Probe x3  
  89  8:25  Probe x2  
  91  8:27  Probe  
  91  8:29  Photon Cannon  
  91  8:31  Photon Cannon  
  92  8:37  Photon Cannon  
  92  8:42  Phoenix x2 (Chrono Boost)  
  92  8:46  Probe x2  
  96  9:02  Phoenix (Chrono Boost)  
  94  9:07  Probe  
  94  9:08  Probe x2  
  95  9:16  Stargate  
  95  9:17  Stargate  
  95  9:20  Fleet Beacon, Probe x2  
  97  9:25  Phoenix x2  
  97  9:31  Probe  
  102  9:32  Probe  
  102  9:36  Nexus  
  102  9:37  Probe  
  104  9:41  Photon Cannon  
  104  9:43  Probe  
  104  9:44  Pylon  
  105  9:46  Pylon  
  105  9:47  Pylon  
  105  9:48  Pylon  
  105  9:50  Pylon, Probe x2  
  107  10:03  Tempest (Chrono Boost)  
  107  10:04  Tempest x2 (Chrono Boost)  
  112  10:09  Tempest (Chrono Boost)  
  127  10:17  Photon Cannon  
  127  10:22  Photon Cannon  
  127  10:39  Photon Cannon  
  127  10:40  Photon Cannon  
  123  10:55  Tempest x2  
  133  10:59  Nexus  
  133  11:02  Pylon  
  124  11:04  Pylon  
  124  11:07  Pylon  
  124  11:08  Tempest  
  124  11:10  Protoss Air Weapons Level 1  
  129  11:22  Photon Cannon  
  129  11:23  Photon Cannon  
  129  11:24  Photon Cannon  
  129  11:27  Probe x2, Photon Cannon  
  131  11:45  Photon Cannon  
  129  11:47  Photon Cannon  
  129  11:49  Photon Cannon  
  129  11:51  Shield Battery  
  129  11:53  Shield Battery  
  129  11:56  Shield Battery x2  
  129  12:03  Tempest x2  
  129  12:06  Sentry  
  129  12:08  Probe x2  
  143  12:15  Tempest  
  143  12:18  Probe  
  143  12:21  Probe  
  150  12:25  Psionic Storm  
  150  12:29  Unknown  
  150  12:31  Pylon  
  150  12:33  Assimilator  
  148  12:44  Tempest (Chrono Boost)  
  148  12:46  Tempest (Chrono Boost)  
  148  12:48  Probe x4  
  162  12:58  Tempest x2 (Chrono Boost)  
  162  13:01  Probe  
  162  13:05  Assimilator, Probe x2  
  175  13:15  Probe x2  
  175  13:17  Probe  
  178  13:21  Anion Pulse-Crystals  
  176  13:28  Oracle x2 (Chrono Boost)  
  176  13:31  Oracle (Chrono Boost), Probe x2  
  187  13:45  Carrier (Chrono Boost)  
  193  13:50  Nexus  
  193  13:52  Pylon  
  193  13:53  Pylon  
  193  13:56  Pylon  
  193  13:57  Cybernetics Core  
  193  14:00  Carrier  
  199  14:09  Protoss Air Weapons Level 2  
  195  14:36  Flux Vanes  
  195  14:52  Nexus  
  195  14:56  Pylon  
  195  14:58  Pylon  
  195  15:02  Pylon  
  191  15:15  Carrier x2  
  199  15:22  Photon Cannon  
  199  15:23  Photon Cannon  
  199  15:28  Photon Cannon  
  199  15:29  Photon Cannon  
  199  15:31  Photon Cannon  
  199  15:32  Photon Cannon  
  199  15:34  Photon Cannon  
  199  15:36  Photon Cannon  
  199  15:38  Shield Battery  
  199  15:40  Shield Battery  
  199  15:42  Shield Battery  
  199  15:44  Pylon  
  199  15:46  Photon Cannon  
  199  15:51  Photon Cannon  
  199  15:52  Pylon  
  199  15:53  Assimilator  
  191  15:58  Assimilator  
  191  16:02  Photon Cannon  
  191  16:04  Photon Cannon  
  189  16:07  Pylon, Carrier  
  195  16:12  Probe x2  
  197  16:34  Gateway  
  197  16:35  Gateway  
  197  16:37  Gateway  
  197  16:39  Gateway  
  197  16:40  Gateway  
  197  16:44  Gateway  
  197  16:46  Protoss Shields Level 1 (Chrono Boost), Gateway  
  197  16:48  Gateway  
  197  16:51  Gateway  
  197  16:54  Gateway  
  197  16:55  Protoss Air Weapons Level 3  
  197  16:58  Gateway  
  197  17:00  Gateway  
  197  17:02  Probe x3  
  197  17:04  Forge  
  197  17:05  Forge  
  200  17:13  Charge (Chrono Boost)  
  200  17:14  Protoss Air Armor Level 1  
  200  17:30  Robotics Facility  
  200  17:32  Protoss Ground Armor Level 1 (Chrono Boost)  
  200  17:33  Protoss Ground Weapons Level 1 (Chrono Boost)  
  200  17:34  Robotics Facility  
  200  17:37  Robotics Facility  
  200  17:39  Gateway  
  195  17:48  Gateway  
  146  18:11  Void Ray x2  
  146  18:12  Void Ray x2  
  131  18:22  Zealot x4  
  131  18:23  Zealot x3  
  131  18:24  Zealot x2  
  147  18:34  Blink  
  147  18:38  Robotics Bay  
  147  18:56  Void Ray  
  147  18:57  Void Ray x3  
  150  19:07  Protoss Shields Level 2 (Chrono Boost)  
  147  19:33  Void Ray  
  147  19:34  Void Ray x2, Zealot x2  
  147  19:35  Zealot x6  
  147  19:36  Zealot x5  
  165  19:41  Void Ray  
  167  20:00  Zealot  
  167  20:01  Zealot x3  
  167  20:05  Nexus  
  175  20:11  Void Ray x2  
  175  20:17  High Templar x3, Oracle  
  175  20:18  High Templar x4  
  200  20:26  Protoss Ground Armor Level 2 (Chrono Boost)  
  200  20:27  Protoss Ground Weapons Level 2 (Chrono Boost)  
  190  20:40  Pylon  
  190  20:41  Void Ray  
  190  20:43  Pylon  
  190  20:44  Protoss Air Armor Level 2  
  190  20:46  Pylon  
  190  20:48  Void Ray  
  184  21:02  High Templar x6  
  184  21:03  High Templar x2  
  166  21:31  Disruptor x3 (Chrono Boost)  
  165  21:43  Photon Cannon  
  165  21:44  Photon Cannon  
  165  21:45  Photon Cannon  
  165  21:47  Photon Cannon  
  165  21:49  Photon Cannon  
  165  21:50  Shield Battery  
  165  21:53  Shield Battery  
  162  21:55  Shield Battery  
  162  21:59  Photon Cannon  
  162  22:00  Photon Cannon  
  162  22:02  Archon x4  
  162  22:07  Disruptor (Chrono Boost)  
  162  22:08  Disruptor (Chrono Boost)  
  164  22:40  Disruptor x2  
  170  22:56  Tempest x2  
  170  22:57  Tempest x2  
  190  23:02  Assimilator  
  190  23:03  Assimilator  
  190  23:06  Photon Cannon  
  190  23:08  Photon Cannon  
  190  23:39  Tempest x3  
  199  23:50  Nexus  
Tags
 
Add a new tag
Caveats
  • Supply blocks, unpowered buildings, or Contaminate may cause inaccurate times.
  • Supply counts are checked every 10 seconds.